 Dungeon Crawl Stone Soup version 0.22-a0-367-gb72a975 (webtiles) character file.

1305786 grisnicke the Warrior (level 23, 209/209 HPs)
             Began as a Mummy Summoner on Apr 10, 2018.
             Was an Initiate of Gozag.
             Escaped with the Orb
             ... and 3 runes on Apr 22, 2018!
             The game lasted 10:50:14 (99083 turns).

grisnicke the Warrior (Mummy Summoner)             Turns: 99083, Time: 10:50:14

Health: 209/209    AC: 26    Str: 19      XL:     23   Next: 36%
Magic:  0/41       EV: 22    Int: 25      God:    Gozag
Gold:   666        SH: 16    Dex: 14 (18) Spells: 11/50 levels left

rFire    + + +     SeeInvis .   a - +9 double sword (vamp) {!w}
rCold    + . .     Gourm    .   c - +4 shield {AC+3}
rNeg     + + +     Faith    .   p - +6 scale mail "Lot Imo" {rF+ Int+3}
rPois    ∞         Spirit   .   Q - +2 helmet {Int+3}
rElec    +         Reflect  .   M - scarf {rC+ rF+}
rCorr    .         Harm     .   D - +1 pair of gloves {Str+3}
MR       +++..                  S - +1 pair of boots "Ibymur" {MR+}
Stlth    +.........             q - amulet of Vitality {Regen+ HP+15}
HPRegen  0.84/turn              g - ring of protection from fire {rF+, !d}
MPRegen  0.27/turn              n - ring "Ulommoph" {Fire rElec rPois}

@: agile, flying, hasted, very quick
A: no food or potions, fire vulnerability, cold resistance 1, negative energy
resistance 3, torment resistance, unbreathing, in touch with death 1
0: Orb of Zot
}: 3/15 runes: decaying, serpentine, silver
a: Potion Petition, Call Merchant, Bribe Branch, Renounce Religion


You escaped.
You worshipped Gozag.
Gozag was pleased with you.
You were not hungry.

You visited 9 branches of the dungeon, and saw 47 of its levels.
You also visited: Labyrinth, Bailey and Wizlab.

You collected 30901 gold pieces.
You spent 6082 gold pieces at shops.
You paid 24153 gold pieces to Gozag.

Inventory:

Hand Weapons
 a - a +9 vampiric double sword (weapon) {!w}
   (You took it off Urug on level 11 of the Dungeon)
 G - a +0 blowgun
   (You took it off Sonja on level 10 of the Dungeon)
 J - the +5 rapier "Fuvon" {flame, rF- MR+ Dex+4 Stlth+}
   (You found it on level 11 of the Dungeon)

   It has been specially enchanted to burn those struck by it, causing extra
   injury to most foes and up to half again as much damage against particularly
   susceptible opponents.
   It affects your dexterity (+4).
   It makes you vulnerable to fire.
   It affects your resistance to hostile enchantments.
   It makes you more stealthy.
 W - a +5 long sword of holy wrath
   (You took it off a draconian knight on level 5 of the Realm of Zot)
 Z - the +8 scimitar "Optups" {slice, -Tele rN++}
   (You found it on level 2 of the Vaults)

   It inflicts extra damage upon your enemies.
   It greatly protects you from negative energy.
   It prevents most forms of teleportation.
Missiles
 F - 8 curare-tipped needles
 L - 9 throwing nets (quivered) {=f, !d}
Armour
 c - a +4 shield of protection (worn)
   (You took it off a tengu warrior on level 4 of the Depths)
 p - the +6 scale mail "Lot Imo" (worn) {rF+ Int+3}
   (You bought it in a shop on level 13 of the Dungeon)

   It affects your intelligence (+3).
   It protects you from fire.
 C - a +1 cloak
   (You took it off a draconian knight on level 5 of the Realm of Zot)
 D - a +1 pair of gloves of strength (worn)
   (You bought it in a shop on level 13 of the Dungeon)
 K - a +1 pair of boots of running
   (You found it on level 5 of the Vaults)
 M - a scarf of resistance (worn)
   (You found it on level 3 of the Lair of Beasts)
 Q - a +2 helmet of intelligence (worn)
   (You bought it in a shop on level 1 of the Snake Pit)
 S - the +1 pair of boots "Ibymur" (worn) {MR+}
   (You found it on level 6 of the Lair of Beasts)

   It affects your resistance to hostile enchantments.
 X - a +2 cloak of invisibility
   (You bought it in a shop on level 2 of the Orcish Mines)
Magical Staves
 j - an uncursed staff of power {MP+17, !a}
   (You found it on level 5 of the Vaults)
Jewellery
 b - a +3 ring of evasion
   (You found it on level 2 of the Depths)
 e - a +5 ring of slaying
   (You found it on level 1 of the Dungeon)
 g - a ring of protection from fire (left hand) {rF+, !d}
   (You took it off a red devil on level 3 of the Depths)
 i - an uncursed ring of see invisible {sInv, !d}
   (You found it on level 3 of the Vaults)
 n - the ring "Ulommoph" (right hand) {Fire rElec rPois}
   (You took it off a deep elf death mage on level 5 of the Vaults)

   [ring of fire]

   It enhances your fire magic.
   It protects you from fire.
   It makes you vulnerable to cold.
   It insulates you from electricity.
   It protects you from poison.
 q - the amulet of Vitality (around neck) {Regen+ HP+15}
   (You found it on level 6 of the Lair of Beasts)

   [amulet of regeneration]

   It affects your health (+15).
   It increases your rate of regeneration.
 t - an uncursed ring of resist corrosion
   (You took it off a hell knight on level 5 of the Vaults)
 z - the amulet "Koc Ylaad" {Spirit rPois MR++ Int+6}
   (You found it on level 3 of the Vaults)

   [amulet of guardian spirit]

   It causes incoming damage to be split between your health and magic.
   It affects your intelligence (+6).
   It protects you from poison.
   It affects your resistance to hostile enchantments.
 P - an uncursed ring of flight {+Fly, !d}
   (You found it on level 5 of the Lair of Beasts)
 U - an uncursed ring of protection from cold {rC+, !d}
   (You found it on level 1 of the Vaults)
 Y - an uncursed ring of wizardry {unknown}
   (You took it off a draconian shifter on level 5 of the Realm of Zot)
Wands
 k - a wand of clouds (11)
   (You found it on level 2 of the Dungeon)
 o - a wand of iceblast (31)
   (You found it on level 5 of the Dungeon)
 u - a wand of acid (36)
   (You found it on level 7 of the Dungeon)
 y - a wand of scattershot (15)
   (You found it on level 8 of the Dungeon)
 O - a wand of digging (18)
   (You found it on level 5 of the Lair of Beasts)
 V - a wand of paralysis (16)
   (You found it in a labyrinth)
Scrolls
 d - 7 scrolls of blinking {!r}
 f - 14 scrolls of identify
 h - 12 scrolls of teleportation
 m - 3 scrolls of fog
 r - 25 scrolls of remove curse
 s - 6 scrolls of vulnerability {!r!r}
 w - a scroll of silence
 x - 8 scrolls of immolation {!r}
 A - 7 scrolls of amnesia
 H - 3 scrolls of enchant weapon
 I - 3 scrolls of fear
 T - 2 scrolls of summoning
Miscellaneous
 l - a fan of gales
   (You found it on level 3 of the Depths)
 v - a lamp of fire
   (You found it on level 5 of the Vaults)
 B - 2 phantom mirrors
 E - a lightning rod (4/4)
   (You found it on level 9 of the Dungeon)
 N - a phial of floods
   (You found it on level 4 of the Lair of Beasts)
 R - 3 boxes of beasts


   Skills:
 + Level 19.4 Fighting
 - Level 11.1 Long Blades
 - Level 12.0 Armour
 - Level 13.1 Dodging
 - Level 1.5 Stealth
 * Level 10.7 Shields
 - Level 14.0 Spellcasting
 - Level 7.0 Hexes
 - Level 16.0 Summonings
 - Level 3.0 Translocations
 - Level 4.0 Transmutations
 - Level 6.0 Ice Magic
 - Level 6.1 Air Magic
 - Level 4.0 Earth Magic
 + Level 6.4 Evocations


You had 11 spell levels left.
You knew the following spells:

 Your Spells              Type           Power        Failure   Level  Hunger
a - Summon Ice Beast      Ice/Summ       ######..     1%          4    N/A
b - Call Canine Familiar  Summ           #######.     1%          3    N/A
c - Summon Lightning Spi  Summ/Air       ######..     1%          4    N/A
d - Call Imp              Summ           #######.     1%          2    N/A
e - Summon Small Mammal   Summ           ####         1%          1    N/A
f - Shadow Creatures      Summ           N/A          2%          6    N/A
g - Summon Mana Viper     Hex/Summ       ######..     3%          5    N/A
h - Cause Fear            Hex            ######....   8%          4    N/A
i - Apportation           Tloc           ####..       3%          1    N/A
q - Aura of Abjuration    Summ           #######...   1%          5    N/A
s - Swiftness             Chrm/Air       ####....     6%          2    N/A
w - Passwall              Tmut/Erth      #####.....   3%          2    N/A

Dungeon Overview and Level Annotations

Branches:
Dungeon (15/15)            Temple (1/1) D:4            Lair (6/6) D:9
  Swamp (4/4) Lair:2        Snake (4/4) Lair:4        Slime (0/5) Lair:6
    Orc (2/2) D:12            Elf (0/3) Orc:2        Vaults (5/5) D:14
  Crypt (0/3) Vaults:2     Depths (5/5) D:15            Zot (5/5) Depths:5

Altars:
Ashenzari
Cheibriados
Dithmenos
Elyvilon
Fedhas
Gozag
Hepliaklqana
Kikubaaqudgha
Makhleb
Nemelex Xobeh
Okawaru
Qazlal
Sif Muna
Uskayaw
Vehumet
Wu Jian
Xom
Yredelemnul
The Shining One
Beogh
Jiyva
Lugonu

Shops:
D:7 (   D:12 [[   D:13 [[:   D:14 [   D:15 [   Orc:2 [[?}(   Snake:1 *?([
Snake:4 (*:(   Depths:1 [

Portals:
Hell: Depths:1 Depths:2 Depths:3 Depths:4 Depths:5
Abyss: Depths:2 Depths:4
Pandemonium: Depths:1 Depths:3
Ziggurat: Depths:1

Annotations:
Swamp:2 Roxanne
Snake:2 Curus's ghost, adept MfGl
Depths:1 exclusions: floating eye, great orb of eyes, shining eye and 5 more exclusions
Depths:3 1 runed door, 1 transporter
Zot:4 2 transporters, exclusions: obsidian statue and 2 upstairs


Innate Abilities, Weirdness & Mutations

You do not eat or drink.
Your flesh is vulnerable to fire.
You are immune to poison.
Your flesh is cold resistant. (rC+)
You are immune to negative energy. (rN+++)
You are immune to unholy pain and torment.
You can survive without breathing.
You are in touch with the powers of death.


Message History

(Z) Zot
Where to? (Enter - D:1 @ (x,y), ? - help)
Things that are here:
a +0 dagger; a -2 whip A red devil comes into view.
It is wielding a trident of flaming.
There is a stone staircase leading up here.
The red devil hits you but does no damage.
You climb upwards.
There is a stone staircase leading down here.
(D) Dungeon (T) Temple (L) Lair (S) Swamp (P) Snake Pit (M) Slime Pits (O) Orcish Mines (E) Elven Halls (V) Vaults (C) Crypt (U) Depths (H) Hell (Z) Zot
Where to? (Enter - D:1 @ (x,y), ? - help)
There is a stone staircase leading up here.
You climb upwards.
There is a stone staircase leading down here.
Items here: )) [[ a +2 robe of cold resistance; a dagger; a robe; an enchanted dagger A neqoxec comes into view.
There is a stone staircase leading up here.
You climb upwards.
There is a stone staircase leading down here.
The rock shatters into small pieces.
(D) Dungeon (T) Temple (L) Lair (S) Swamp (P) Snake Pit (M) Slime Pits (O) Orcish Mines (E) Elven Halls (V) Vaults (C) Crypt (U) Depths (H) Hell (Z) Zot
Where to? (Enter - D:1 @ (x,y), ? - help)
There is an open door here.
There is a stone staircase leading up here.
You climb upwards.
There is a stone staircase leading down here.
There is a stone staircase leading up here.
You climb upwards.
There is a stone staircase leading down here.
You see here a purple potion.
You see here a ruby potion.
You see here 15 bolts.
There is a stone staircase leading up here.
You climb upwards.
There is a stone staircase leading down here.
There is a stone staircase leading up here.
You climb upwards.
There is a stone staircase leading down here.
An ufetubus comes into view.
The ufetubus shouts!
The ufetubus falls through a shaft!
The shaft crumbles and collapses.
There is a stone staircase leading up here.
(D) Dungeon (T) Temple (L) Lair (S) Swamp (P) Snake Pit (M) Slime Pits (O) Orcish Mines (E) Elven Halls (V) Vaults (C) Crypt (U) Depths (H) Hell (Z) Zot
Where to? (Enter - D:1 @ (x,y), ? - help)
You climb upwards.
There is a stone staircase leading down here.
A Hell Sentinel comes into view.
An electric hum fills the air.
You now have 37/41 mp.
What are your orders? t - Shout!
Orders for allies: a - Attack new target. r - Retreat! s - Stop attacking. g - Guard the area. f - Follow me.
Anything else - Cancel.
Okay, then. [a] - 330 gold - haste and heal wounds [b] - 506 gold - haste, agility, flight and heal wounds [c] - 192 gold - heal wounds and curing Purchase which effect?
You feel yourself speed up.
You feel agile all of a sudden.
You feel very buoyant.
You fly up into the air.
You feel much better.
There is a stone staircase leading up here.
You fly upwards.
There is a stone staircase leading down here.
The rock shatters into small pieces.
MP restored: 41
There is a staircase leading out of the dungeon here.
Wisps of shadow whirl around you...
You now have 35/41 mp.
Wisps of shadow whirl around you...
You now have 29/41 mp.
Wisps of shadow whirl around you...
You now have 23/41 mp.
Wisps of shadow whirl around you...
You now have 17/41 mp.
Wisps of shadow whirl around you...
You now have 12/41 mp.
Wisps of shadow whirl around you...
Your leopard gecko dissolves into shadows!
Your ooze dissolves into shadows!
You now have 6/41 mp.
Wisps of shadow whirl around you...
Your dart slug dissolves into shadows!
You now have 0/41 mp.
As you read the scroll of summoning, it crumbles to dust.
Wisps of shadow whirl around you...
You don't have enough magic to cast that spell.
You have escaped!

#.....##.# #.....#.# #.#....
#.....##.# #...(.#.# #.#....
####..##.# #.8.8.#.######.#####
#)....# #.....#.............
#.##### ##.....########.##### #.#
#..8.8..'............
#.########..r..########..####
#####.......#8l.KK.8###......####
....#######.#..K@K.....>#........
###.# #.#########...#........ #.#
#.........).#.#........ #.#
#############.#........
#.################# #.#.[......
#......†..........# #.#........
#################.# #.#[.......
#.# #.#........ #.# #.####.....


You could see 4 friendly kobolds, a friendly frilled lizard and a friendly rat.

Vanquished Creatures
  An ancient lich (Vaults:5)
  3 golden dragons
  A profane servitor (Depths:1)
  3 electric golems
  A lich (Depths:2)
  2 tentacled monstrosities
  5 Orb Guardians
  2 titans (Vaults:5)
  7 quicksilver dragons
  Gastronok (Lair:1)
  A tengu reaver (Vaults:5)
  5 sphinxes
  6 death cobs
  2 draconian monks
  3 nagarajas (Snake:4)
  3 shadow dragons
  A storm dragon (Zot:2)
  5 frost giants
  3 deep elf sorcerers
  2 ghost moths
  3 fire giants
  A balrug (Depths:1)
  A draconian shifter (Depths:5)
  3 vault wardens
  A spriggan defender (Depths:4)
  A draconian stormcaller (Zot:3)
  10 ironheart preservers
  4 war gargoyles (Vaults:5)
  9 stone giants
  14 very ugly things
  A vampire knight (Depths:4)
  A green draconian (Zot:5)
  A deep elf annihilator (Depths:4)
  2 white draconians
  A black draconian (Zot:1)
  3 deep elf demonologists
  3 red draconians
  3 yellow draconians
  A dire elephant (D:15)
  3 ettins
  2 spark wasps (Depths:4)
  A blizzard demon (Depths:3)
  A pearl dragon zombie (Depths:1)
  Snorg (D:11)
  2 deep elf death magi (Vaults:4)
  2 jiangshi (Depths:4)
  5 great orbs of eyes
  13 yaktaur captains
  A deep elf high priest (Vaults:5)
  6 fire dragons
  9 ogre magi
  5 vault guards
  Harold (Lair:1)
  8 ice dragons
  6 naga warriors
  7 hydras
  4 anacondas
  4 centaur warriors
  A ghost crab (Swamp:4)
  31 two-headed ogres
  4 deep troll shamans
  3 tengu warriors
  3 alligators
  5 spriggan berserkers
  2 hell hogs (Depths:1)
  5 death yaks
  3 deep troll earth magi
  2 vampire magi
  A shock serpent (Snake:1)
  A soul eater (Vaults:2)
  6 naga sharpshooters
  4 hell knights
  An iron golem (WizLab)
  5 sun demons
  A salamander mystic (Snake:3)
  2 deep elf knights
  A shadow wraith (Vaults:3)
  A sea snake (shapeshifter) (Depths:3)
  7 swamp dragons
  An unseen horror (shapeshifter) (WizLab)
  3 shambling mangroves
  A glowing orange brain (Depths:4)
  A death drake (shapeshifter) (WizLab)
  16 deep trolls
  A deep elf archer (Vaults:1)
  3 naga ritualists
  3 wizards
  A necromancer (Vaults:1)
  6 flayed ghosts
  2 ironbrand convokers
  A harpy (Vaults:3)
  2 phantasmal warriors
  A sphinx zombie (Depths:1)
  A wolf spider (Vaults:1)
  A shadow dragon skeleton (Depths:1)
  7 orc knights
  4 deep elf magi
  7 mana vipers
  2 orc sorcerers
  2 salamanders (shapeshifter) (WizLab)
  28 ugly things
  4 cyclopes
  20 black mambas
  A fire giant skeleton (Depths:1)
  16 moths of wrath
  4 elephants
  4 naga magi
  A salamander (Snake:3)
  A centaur zombie (D:14)
  A rust devil (Depths:3)
  2 apis skeletons (Depths:1)
  2 vault sentinels (Vaults:1)
  A guardian serpent (Snake:1)
  3 centaur skeletons
  2 spiny frogs
  A spiny frog (shapeshifter) (D:15)
  A torpor snail (Lair:2)
  A rime drake (Lair:6)
  An efreet (D:15)
  8 freezing wraiths
  34 yaktaurs
  A yaktaur (shapeshifter) (WizLab)
  A hellwing (Depths:1)
  A yaktaur skeleton (Depths:2)
  A harpy zombie (D:13)
  A queen bee (Lair:4)
  A tengu conjurer (D:13)
  A troll (D:10)
  A wind drake (shapeshifter) (WizLab)
  A meliai (shapeshifter) (WizLab)
  7 tyrant leeches
  18 hornets
  2 polar bears (shapeshifter)
  4 blink frogs
  17 slime creatures
  A jumping spider (shapeshifter) (Depths:4)
  A raiju (shapeshifter) (WizLab)
  A stone giant simulacrum (Vaults:2)
  8 bog bodies
  3 hippogriffs
  2 wyverns
  4 spriggans
  A vampire (D:14)
  2 spriggans (shapeshifter)
  A deep troll skeleton (Depths:1)
  2 wraiths (D:15)
  A shadow (D:15)
  A human (shapeshifter) (WizLab)
  A water elemental (Depths:4)
  15 yaks
  A yak (shapeshifter) (Vaults:4)
  2 basilisks (shapeshifter)
  A redback (Vaults:3)
  A human simulacrum (Vaults:1)
  2 large abominations (WizLab)
  Grum (D:8)
  A warg (Orc:2)
  6 vampire mosquitoes
  25 nagas
  4 swamp worms
  7 insubstantial wisps (Swamp:1)
  A swamp worm (shapeshifter) (WizLab)
  3 acid dragons
  2 water moccasins
  3 porcupines
  5 small abominations (WizLab)
  4 ice beasts
  5 sky beasts
  An eye of draining (D:13)
  10 orc warriors
  9 swamp drakes
  An eye of draining (shapeshifter) (WizLab)
  6 wolves
  9 centaurs
  4 boggarts
  2 human zombies (Vaults:1)
  24 ogres
  7 crocodiles
  11 bullfrogs
  2 big kobolds
  2 scorpions
  9 killer bees
  5 wights
  4 electric eels
  A howler monkey (D:12)
  4 crimson imps
  2 jellies
  A quasit (D:4)
  A bullfrog zombie (D:8)
  11 orc wizards
  A bullfrog skeleton (D:11)
  7 orc priests
  5 hounds
  An iron imp (Depths:3)
  2 iguanas
  A worker ant (D:7)
  A hound zombie (D:6)
  A hound skeleton (D:4)
  A howler monkey zombie (D:8)
  A worker ant zombie (D:11)
  6 gnolls
  3 adders
  2 shadow imps
  2 adder zombies
  2 worms
  3 leopard geckos
  43 orcs
  6 bats
  3 giant cockroaches
  7 goblins
  6 hobgoblins
  8 jackals
  13 kobolds
  4 quokkas
  A frilled lizard (D:1)
  A jackal skeleton (D:7)
  3 rats
  3 plants (Lair:6)
930 creatures vanquished.

Vanquished Creatures (collateral kills)
  An ancient lich (Zot:5)
  An orb of fire (Zot:3)
  Boris (Depths:5)
  7 golden dragons
  A mutant beast (WizLab)
  6 electric golems
  Jorgrun (Depths:2)
  7 Orb Guardians
  9 tentacled monstrosities
  3 titans (Vaults:5)
  3 quicksilver dragons
  3 death cobs
  3 tengu reavers
  A lich (Vaults:5)
  2 sphinxes
  7 shadow dragons
  10 storm dragons
  3 frost giants
  A draconian monk (Zot:3)
  4 fire giants
  9 nagarajas
  11 vault wardens
  An iron dragon (Depths:4)
  Louise (Swamp:4)
  3 draconian knights
  An orc warlord (Vaults:4)
  3 draconian scorchers
  A draconian stormcaller (Zot:3)
  3 deep elf sorcerers
  3 ghost moths
  4 draconian shifters
  14 ironheart preservers
  An entropy weaver (Vaults:3)
  3 draconian annihilators
  4 stone giants
  A war gargoyle (Vaults:5)
  17 very ugly things
  3 black draconians
  4 green draconians
  2 deep elf annihilators
  8 purple draconians
  A deep elf demonologist (Vaults:3)
  6 dire elephants (Lair:6)
  2 yellow draconians
  A spark wasp (Depths:4)
  7 white draconians
  6 red draconians
  A minotaur (Lab)
  6 ettins
  A pearl dragon zombie (Depths:1)
  A jiangshi (Depths:4)
  4 deep elf death magi
  2 crystal guardians
  17 ogre magi
  6 fire dragons
  5 yaktaur captains
  3 ice dragons
  18 hydras
  5 great orbs of eyes
  14 vault guards
  17 naga warriors
  Erica (D:8)
  2 catoblepae (Lair:6)
  A spriggan air mage (Depths:2)
  5 centaur warriors
  An anaconda (Lair:6)
  35 two-headed ogres
  3 death knights
  5 deep troll earth magi
  A vampire mage (Depths:3)
  A death yak (Lair:6)
  2 alligators
  5 tengu warriors
  3 deep troll shamans
  5 spriggan berserkers
  A dancing weapon (Vaults:5)
  15 naga sharpshooters (Snake:4)
  2 shock serpents
  A hell hog (Depths:1)
  5 large abominations (WizLab)
  4 deep elf knights
  9 spriggans
  2 hell knights
  A sun demon (Depths:3)
  A fire crab (shapeshifter) (WizLab)
  A soul eater (Depths:3)
  Urug (D:11)
  Sonja (D:10)
  A salamander mystic (Snake:3)
  14 deep trolls
  3 shadow wraiths
  3 iron trolls (Depths:1)
  A deep troll (shapeshifter) (Depths:4)
  An unseen horror (D:12)
  2 glowing orange brains
  4 wizards
  5 swamp dragons (Swamp:4)
  A spriggan druid (Swamp:4)
  A harpy (shapeshifter) (Vaults:5)
  5 naga ritualists
  An obsidian statue (Depths:3)
  4 necromancers
  3 shambling mangroves
  2 deep elf archers
  14 ironbrand convokers
  3 harpies (Vaults:3)
  A tengu skeleton (Vaults:1)
  6 deep elf magi
  6 orc knights
  43 ugly things
  A wolf spider (D:15)
  A manticore (shapeshifter) (Vaults:5)
  4 orc sorcerers
  A salamander (shapeshifter) (WizLab)
  5 mana vipers
  4 manticores
  An oklob plant (Lair:6)
  7 cyclopes
  12 salamanders
  A wolf spider zombie (D:13)
  2 apis skeletons (Depths:1)
  15 moths of wrath
  8 black mambas
  A centaur zombie (D:14)
  Joseph (Lair:1)
  A guardian serpent (shapeshifter) (D:14)
  17 elephants
  9 naga magi
  4 guardian serpents (Snake:4)
  11 vault sentinels
  2 torpor snails (Lair:2)
  An orange demon (Depths:3)
  A torpor snail (shapeshifter) (WizLab)
  14 spiny frogs
  4 komodo dragons
  A yaktaur (shapeshifter) (Depths:5)
  7 freezing wraiths
  A rime drake (shapeshifter) (Vaults:5)
  34 yaktaurs
  A hellwing (D:12)
  A tengu conjurer (Depths:4)
  A polar bear (shapeshifter) (WizLab)
  9 trolls
  5 red devils
  2 jumping spiders (shapeshifter) (WizLab)
  2 ice devils (Depths:3)
  3 meliai (Lair:4)
  A tengu simulacrum (Vaults:2)
  22 slime creatures
  Prince Ribbit (D:8)
  2 tyrant leeches
  6 bog bodies
  12 hornets
  A raiju (shapeshifter) (Vaults:1)
  12 blink frogs
  A hippogriff (shapeshifter) (WizLab)
  2 hippogriffs
  2 dream sheep (shapeshifter) (Vaults:5)
  2 redbacks (Vaults:3)
  A stone giant simulacrum (Vaults:1)
  3 shadows
  2 wraiths
  2 wyverns
  Sigmund (D:4)
  33 yaks
  A hog (shapeshifter) (Vaults:1)
  2 basilisks
  A human (D:8)
  A steam dragon (shapeshifter) (Vaults:3)
  A hungry ghost (D:13)
  8 vampire mosquitoes
  3 wargs
  9 swamp worms
  The ghost of Vajrapani the Sneak, an amateur OpAr (D:4)
  2 insubstantial wisps (Swamp:1)
  An acid dragon (D:15)
  29 nagas
  5 water moccasins
  3 floating eyes (WizLab)
  A floating eye (shapeshifter) (Depths:1)
  5 porcupines
  10 swamp drakes
  Duvessa (D:6)
  24 orc warriors
  2 sky beasts
  An eye of draining (D:12)
  2 phantoms
  32 ogres
  9 boggarts
  14 wolves
  10 centaurs
  2 crocodiles
  A wyvern zombie (D:12)
  10 bullfrogs
  Dowan (D:6)
  3 scorpions
  A wyvern skeleton (D:12)
  A small abomination (WizLab)
  17 killer bees
  4 howler monkeys
  4 wights
  2 bullfrog zombies
  10 crimson imps
  2 lava snakes (D:12)
  5 jellies
  A quasit (D:15)
  9 hounds
  12 orc priests
  13 orc wizards
  An iron imp (Depths:3)
  6 worker ants
  Natasha (thrice) (D:3)
  An iguana (D:4)
  4 hell rats (Lair:3)
  17 gnolls
  A river rat (D:9)
  2 white imps (Depths:3)
  An adder zombie (D:9)
  2 worms (D:2)
  60 orcs
  A giant cockroach (D:2)
  8 hobgoblins (Bailey)
  2 jackals (D:4)
  8 kobolds
  A bat (D:1)
  A quokka skeleton (D:5)
  4 rats
  2 plants
1234 creatures vanquished.

Vanquished Creatures (others)
  4 orbs of fire
  3 Killer Klowns
  6 tentacled monstrosities
  2 titans (Vaults:5)
  16 Orb Guardians (Zot:5)
  3 death cobs
  A shadow dragon (Zot:3)
  A storm dragon (Zot:3)
  3 fire giants
  2 frost giants (Vaults:5)
  A vault warden (Vaults:5)
  2 draconian knights
  2 ghost moths (Zot:3)
  A draconian scorcher (Zot:3)
  3 draconian annihilators
  3 draconian stormcallers
  4 stone giants (Vaults:5)
  A war gargoyle (Vaults:5)
  4 green draconians
  2 black draconians
  A white draconian (Zot:3)
  3 red draconians
  4 yellow draconians
  5 purple draconians
  An ettin (Vaults:5)
  A great orb of eyes (Vaults:5)
  A deep elf high priest (Vaults:5)
  17 vault guards (Vaults:5)
  A yaktaur captain (Vaults:5)
  A naga warrior (Snake:4)
  A yaktaur (Vaults:5)
  A deep elf knight (Vaults:3)
  A deep troll (Vaults:5)
  An ironbrand convoker (Vaults:2)
  3 harpies (Vaults:5)
  A deep elf mage (Vaults:5)
  3 moths of wrath
  Psyche (D:11)
  An ice devil (Zot:5)
  A spriggan (Swamp:2)
  A floating eye (WizLab)
  An ogre (Vaults:2)
  A human skeleton (Vaults:1)
  An orc (Orc:1)
  A kobold (Bailey)
  5 bushes (Lair:4)
  6 fungi
  16 plants
145 creatures vanquished.

Grand Total: 2309 creatures vanquished

Notes
Turn   | Place    | Note
-------+----------+-------------------------------------------
     0 | D:1      | grisnicke the Mummy Summoner began the quest for the Orb.
     0 | D:1      | Reached XP level 1. HP: 13/13 MP: 4/4
   428 | D:1      | Reached XP level 2. HP: 20/20 MP: 5/5
   432 | D:1      | Learned a level 2 spell: Call Imp
   805 | D:1      | Reached skill level 3 in Spellcasting
  1514 | D:2      | Found an ancient bone altar of Kikubaaqudgha.
  1570 | D:2      | Found a shimmering altar of Xom.
  1717 | D:2      | Reached skill level 1 in Fighting
  1717 | D:2      | Reached XP level 3. HP: 26/26 MP: 0/7
  1722 | D:2      | Learned a level 3 spell: Call Canine Familiar
  2019 | D:2      | Noticed a killer bee
  2134 | D:2      | Found a faded altar of an unknown god.
  2322 | D:3      | Reached skill level 4 in Summonings
  2474 | D:3      | Found a hide-covered altar of Uskayaw.
  2562 | D:3      | Reached XP level 4. HP: 30/32 MP: 3/9
  2574 | D:3      | Learned a level 4 spell: Summon Lightning Spire
  2642 | D:3      | Noticed Natasha
  3295 | D:4      | Noticed Vajrapani's ghost (amateur OpAr)
  3306 | D:4      | Killed Vajrapani's ghost
  3306 | D:4      | Reached skill level 1 in Air Magic
  3306 | D:4      | Reached XP level 5. HP: 34/38 MP: 2/10
  3384 | D:4      | Found a staircase to the Ecumenical Temple.
  3389 | D:4      | Reached skill level 2 in Fighting
  3398 | Temple   | Entered the Ecumenical Temple
  3407 | Temple   | Became a worshipper of Gozag Ym Sagoz the Greedy
  3434 | D:4      | Noticed an ogre
  3517 | D:4      | Reached skill level 4 in Spellcasting
  3705 | D:4      | Noticed an ogre
  3713 | D:4      | Killed an ogre
  3713 | D:4      | Reached skill level 2 in Air Magic
  3713 | D:4      | Reached XP level 6. HP: 45/45 MP: 3/12
  4452 | D:4      | Noticed Sigmund
  4762 | D:4      | Reached skill level 5 in Summonings
  4895 | D:4      | Found a sparkling altar of Nemelex Xobeh.
  4951 | D:5      | Entered Level 5 of the Dungeon
  5070 | D:5      | Reached XP level 7. HP: 35/51 MP: 8/13
  5281 | D:5      | Found a basalt altar of Yredelemnul.
  5372 | D:5      | Reached skill level 3 in Fighting
  5372 | D:5      | Reached skill level 3 in Air Magic
  6269 | D:6      | Noticed Duvessa
  6269 | D:6      | Noticed Dowan
  6673 | D:6      | Reached skill level 5 in Spellcasting
  6681 | D:6      | Learned a level 4 spell: Summon Ice Beast
  7316 | D:7      | Identified the +8 whip of the Thing {distort, Fragile +Blink rF+} (You found it on level 7 of the Dungeon)
  7339 | D:7      | Found Eqei's Antique Weapon Emporium.
  7391 | D:7      | Reached XP level 8. HP: 41/58 MP: 2/15
  7629 | D:7      | Identified a scroll of acquirement
  7999 | D:7      | Reached skill level 4 in Air Magic
  8065 | D:7      | Reached skill level 6 in Summonings
  8509 | D:8      | Noticed Prince Ribbit
  8543 | D:8      | Reached skill level 1 in Ice Magic
  8735 | D:8      | Noticed a two-headed ogre
  8770 | D:8      | Reached skill level 4 in Fighting
  8798 | D:8      | Noticed a hippogriff
  8805 | D:8      | Killed a hippogriff
  8805 | D:8      | Reached skill level 6 in Spellcasting
  8805 | D:8      | Reached skill level 2 in Ice Magic
  8810 | D:8      | Killed Prince Ribbit
  8990 | D:8      | Found a radiant altar of Vehumet.
  8995 | D:8      | Found an iron altar of Okawaru.
  9035 | D:8      | Reached skill level 3 in Ice Magic
  9169 | D:8      | Found a shattered altar of Ashenzari.
  9283 | D:8      | Reached XP level 9. HP: 42/67 MP: 6/18
  9683 | D:8      | Found a blossoming altar of Fedhas.
  9686 | D:8      | Found a stormy altar of Qazlal.
  9814 | D:8      | Reached skill level 5 in Fighting
  9950 | D:8      | HP: 14/68 [two-headed ogre/giant club (14)]
  9953 | D:8      | Killed a two-headed ogre
  9953 | D:8      | Reached skill level 7 in Spellcasting
  9953 | D:8      | Reached skill level 4 in Ice Magic
  9953 | D:8      | Reached skill level 5 in Air Magic
 10213 | D:8      | Found a blossoming altar of Fedhas.
 10315 | D:9      | Noticed a troll
 11398 | D:9      | Noticed Erica
 11417 | D:8      | Killed Erica
 11417 | D:8      | Reached skill level 5 in Ice Magic
 11646 | D:9      | Reached skill level 6 in Fighting
 11650 | D:9      | Noticed Grum
 12318 | D:9      | HP: 11/69 [electric eel/bolt of electricity (8)]
 12964 | D:8      | Found an iron altar of Okawaru.
 12965 | D:8      | Found a radiant altar of Vehumet.
 12973 | D:8      | Found a shattered altar of Ashenzari.
 13396 | D:8      | Found a blossoming altar of Fedhas.
 13414 | D:8      | Killed Grum
 13414 | D:8      | Reached XP level 10. HP: 63/76 MP: 9/21
 13513 | D:8      | Reached skill level 8 in Spellcasting
 13987 | D:9      | Found a glowing golden altar of the Shining One.
 14083 | D:9      | Found a staircase to the Lair.
 14316 | D:9      | Found a hazy altar of Hepliaklqana.
 14344 | D:9      | Found a burning altar of Makhleb.
 14466 | D:10     | Entered Level 10 of the Dungeon
 14466 | D:10     | Noticed Sonja
 14481 | D:10     | Killed Sonja
 14651 | D:10     | Reached skill level 6 in Air Magic
 14750 | D:10     | Found a flagged portal.
 14760 | Bailey   | Entered a bailey
 15306 | D:10     | Reached skill level 6 in Ice Magic
 15737 | D:11     | Noticed Urug
 15752 | D:11     | Noticed a two-headed ogre
 15772 | D:11     | HP: 10/77 [two-headed ogre/giant club (21)]
 15775 | D:11     | Killed a two-headed ogre
 15775 | D:11     | Reached skill level 7 in Summonings
 16118 | D:11     | Noticed a manticore
 16134 | D:11     | Killed a manticore
 16258 | D:11     | Identified the +5 rapier "Fuvon" {flame, rF- MR+ Dex+4 Stlth+} (You found it on level 11 of the Dungeon)
 16310 | D:11     | Noticed a cyan ugly thing
 16338 | D:11     | Noticed Snorg
 16559 | D:3      | Killed Natasha
 17083 | D:3      | Noticed Natasha
 17090 | D:3      | Killed Natasha
 17092 | D:3      | Noticed Natasha
 17101 | D:3      | Killed Natasha
 17107 | D:3      | Found a hide-covered altar of Uskayaw.
 17218 | D:4      | Killed Sigmund
 17395 | D:6      | Killed Dowan
 17409 | D:6      | Killed Duvessa
 17409 | D:6      | Reached skill level 7 in Fighting
 17502 | Lair:1   | Entered Level 1 of the Lair of Beasts
 17504 | Lair:1   | Noticed Harold
 17513 | Lair:1   | Reached skill level 9 in Spellcasting
 17522 | Lair:1   | HP: 17/79 [Harold/vampiric hand axe (12)]
 17526 | Lair:1   | Killed Harold
 17526 | Lair:1   | Reached skill level 2 in Dodging
 17982 | Lair:1   | Noticed Gastronok
 18221 | Lair:1   | Noticed Joseph
 18237 | Lair:1   | Killed Joseph
 18237 | Lair:1   | Reached XP level 11. HP: 77/84 MP: 11/24
 18397 | Lair:1   | Found a hazy altar of Hepliaklqana.
 18588 | Lair:1   | HP: 9/84 [spiny frog (25)]
 19004 | Lair:1   | Killed Gastronok
 19004 | Lair:1   | Reached skill level 3 in Dodging
 19004 | Lair:1   | Reached skill level 8 in Summonings
 19239 | Lair:2   | Found a hazy altar of Hepliaklqana.
 19250 | Lair:2   | Identified Jimonuam's Tome of Attacks (You acquired it on level 2 of the Lair of Beasts)
 19322 | Lair:2   | Found a staircase to the Swamp.
 19386 | Lair:2   | Noticed an eight-headed hydra
 19552 | Lair:2   | Found a snail-covered altar of Cheibriados.
 19776 | Lair:2   | Reached skill level 8 in Fighting
 19776 | Lair:2   | Reached skill level 10 in Spellcasting
 20417 | Lair:2   | HP: 11/86 [yak (12)]
 20807 | Lair:3   | Reached skill level 4 in Dodging
 22027 | Lair:3   | Reached skill level 9 in Fighting
 22908 | Lair:4   | Reached skill level 5 in Dodging
 23144 | Lair:4   | Found a staircase to the Snake Pit.
 23190 | Lair:4   | Reached skill level 1 in Evocations
 23212 | Lair:4   | Reached XP level 12. HP: 67/95 MP: 17/26
 23486 | Lair:4   | Reached skill level 9 in Summonings
 23679 | Lair:4   | Found a shimmering altar of Xom.
 23810 | Lair:4   | vatarom: why piggy
 23811 | Lair:4   | grisnicke: It's my name :)
 23811 | Lair:4   | grisnicke: gris is pig in swedish
 23824 | Lair:4   | vatarom: lol
 24197 | Lair:5   | Noticed a five-headed hydra
 24245 | Lair:5   | Reached skill level 2 in Evocations
 24852 | Lair:5   | Reached skill level 1 in Shields
 24886 | Lair:5   | Reached skill level 3 in Evocations
 25047 | Lair:5   | Noticed a death yak
 25167 | Lair:5   | Killed a death yak
 25167 | Lair:5   | Reached skill level 10 in Fighting
 25167 | Lair:5   | Reached skill level 2 in Shields
 25237 | Lair:5   | Killed a five-headed hydra
 25666 | Lair:6   | Entered Level 6 of the Lair of Beasts
 25666 | Lair:6   | Found a staircase to the Slime Pits.
 25704 | Lair:6   | Noticed a catoblepas
 25933 | Lair:6   | Reached skill level 3 in Shields
 26119 | Lair:6   | Killed a catoblepas
 26119 | Lair:6   | Reached skill level 4 in Evocations
 26416 | Lair:6   | Noticed a seven-headed hydra
 26425 | Lair:6   | Killed a seven-headed hydra
 26789 | Lair:6   | Noticed a catoblepas
 26826 | Lair:6   | Killed a catoblepas
 26826 | Lair:6   | Reached skill level 4 in Shields
 27349 | Lair:6   | Noticed a death yak
 27349 | Lair:6   | Noticed a death yak
 27352 | Lair:6   | Noticed a death yak
 27353 | Lair:6   | Noticed a death yak
 27354 | Lair:6   | Noticed a death yak
 27370 | Lair:6   | Killed a death yak
 27399 | Lair:5   | Killed a death yak
 27399 | Lair:5   | Reached skill level 5 in Evocations
 27584 | Lair:6   | Killed a death yak
 27584 | Lair:6   | Reached skill level 11 in Fighting
 27584 | Lair:6   | Gained mutation: You are in touch with the powers of death. [Mummy growth]
 27584 | Lair:6   | Reached XP level 13. HP: 70/106 MP: 3/27
 27598 | Lair:6   | Reached skill level 6 in Dodging
 29363 | Lair:6   | Noticed a dire elephant
 29610 | Lair:6   | Noticed a dire elephant
 29623 | Lair:6   | Noticed a dire elephant
 29652 | Lair:6   | Noticed a dire elephant
 29931 | Lair:6   | Killed a dire elephant
 30103 | Lair:6   | HP: 23/106 [dire elephant (28)]
 30105 | Lair:6   | HP: 11/106 [dire elephant (13)]
 30520 | Lair:6   | Killed a dire elephant
 30520 | Lair:6   | Reached skill level 1 in Armour
 30746 | Lair:6   | Killed a dire elephant
 30889 | Lair:6   | Found a staircase to the Slime Pits.
 30927 | Lair:6   | Killed a dire elephant
 31109 | Lair:6   | Found a staircase to the Slime Pits.
 31991 | Lair:6   | Noticed a dire elephant
 31991 | Lair:6   | Noticed a dire elephant
 31992 | Lair:6   | Found the amulet of Vitality {Regen+ HP+15}
 32229 | Lair:6   | Killed a dire elephant
 32229 | Lair:6   | Reached skill level 2 in Armour
 32416 | Lair:6   | Killed a dire elephant
 32416 | Lair:6   | Reached skill level 7 in Dodging
 32575 | Lair:6   | Got a pair of slimy boots
 32576 | Lair:6   | Identified the +1 pair of boots "Ibymur" {MR+} (You found it on level 6 of the Lair of Beasts)
 32882 | D:11     | Noticed Psyche
 32904 | D:11     | Killed Psyche
 32916 | D:11     | Killed Urug
 33217 | D:11     | Killed Snorg
 33223 | D:11     | Reached skill level 3 in Armour
 34300 | D:12     | Reached skill level 12 in Fighting
 34651 | D:12     | HP: 27/123 [enormous slime creature (78)]
 34866 | D:12     | Reached skill level 4 in Armour
 35063 | D:12     | Found a staircase to the Orcish Mines.
 35078 | D:12     | Found a roughly hewn altar of Beogh.
 35480 | Orc:1    | Entered Level 1 of the Orcish Mines
 35675 | Orc:2    | Entered Level 2 of the Orcish Mines
 35773 | Orc:2    | Found a staircase to the Elven Halls.
 36114 | Orc:2    | HP: 16/123 [cyclops/large rock (29)]
 36714 | Orc:2    | Reached XP level 14. HP: 115/115 MP: 10/28
 36815 | Orc:2    | Reached skill level 5 in Armour
 37483 | Orc:2    | Found Rosoxe's Magic Scroll Boutique.
 37483 | Orc:2    | Found Todgh's Antique Weapon Emporium.
 37483 | Orc:2    | Found Vyluntokh's Antique Armour Shoppe.
 37483 | Orc:2    | Found Xonnuwot's Gadget Boutique.
 37496 | Orc:2    | Bought a scroll of magic mapping for 45 gold pieces
 37496 | Orc:2    | Bought a scroll of fear for 45 gold pieces
 37613 | Orc:2    | Reached skill level 10 in Summonings
 37814 | Orc:2    | Reached skill level 8 in Dodging
 37864 | Orc:2    | Found Tithaemo's Antique Armour Emporium.
 37877 | Orc:2    | Bought an embroidered cloak for 232 gold pieces
 38808 | D:12     | Bought a pair of runed boots for 292 gold pieces
 38994 | D:13     | Found Qewkiebb's Antique Armour Shoppe.
 39042 | D:13     | Bought a warped ring mail for 261 gold pieces
 39042 | D:13     | Bought a pair of runed gloves for 217 gold pieces
 39054 | D:13     | Identified the +1 ring mail of Fafyaje {MR+ Str+4 Stlth+} (You bought it in a shop on level 13 of the Dungeon)
 39117 | D:13     | Found a labyrinth entrance.
 39132 | Lab      | Entered a labyrinth
 39347 | Lab      | Reached skill level 6 in Armour
 39357 | Lab      | Identified the cursed +0 robe of Vexation {Slay+2} (You found it in a labyrinth)
 39524 | D:13     | Found Giogrum's Book Boutique.
 39532 | D:13     | Bought a book of Summonings for 840 gold pieces
 39538 | D:13     | Learned a level 5 spell: Aura of Abjuration
 39545 | D:13     | Learned a level 6 spell: Shadow Creatures
 39551 | D:13     | Learned a level 5 spell: Summon Mana Viper
 39784 | D:13     | Reached skill level 1 in Hexes
 39967 | D:13     | Found Wycitruwa's Antique Armour Boutique.
 39975 | D:13     | Bought a pair of glowing gloves for 225 gold pieces
 39975 | D:13     | Bought a runed cloak for 225 gold pieces
 39975 | D:13     | Bought a smelly leather armour for 210 gold pieces
 39998 | D:13     | Identified the +3 leather armour of Poor Excuses {rF++} (You bought it in a shop on level 13 of the Dungeon)
 40605 | D:13     | Reached skill level 2 in Hexes
 40977 | D:14     | Found a gate to the Vaults.
 41089 | D:14     | Reached skill level 3 in Hexes
 41705 | D:15     | Entered Level 15 of the Dungeon
 41864 | D:15     | Found Kufeomp's Antique Armour Shop.
 42709 | D:15     | Reached skill level 4 in Hexes
 42869 | D:15     | Bought a pair of runed boots for 270 gold pieces
 43745 | D:15     | Reached XP level 15. HP: 122/122 MP: 24/29
 43963 | D:15     | Found a staircase to the Depths.
 44473 | Swamp:1  | Entered Level 1 of the Swamp
 44487 | Swamp:1  | Reached skill level 13 in Fighting
 44880 | Swamp:1  | HP: 32/138 [hornet[a shambling mangrove] (12)]
 45205 | Swamp:1  | Reached skill level 5 in Hexes
 45552 | Swamp:1  | Reached skill level 11 in Spellcasting
 46048 | Swamp:2  | Noticed Roxanne
 46646 | Swamp:2  | Reached skill level 11 in Summonings
 47198 | Swamp:3  | Reached skill level 6 in Hexes
 47856 | Swamp:4  | Entered Level 4 of the Swamp
 47856 | Swamp:4  | Noticed Louise
 48141 | Swamp:4  | Killed Louise
 48732 | Swamp:4  | Reached skill level 7 in Armour
 49110 | Swamp:4  | Got a vibrating iron amulet
 49111 | Swamp:4  | Identified the amulet of Fuisk {Inacc *Slow MR+ Str+5} (You found it on level 4 of the Swamp)
 49552 | Swamp:4  | Reached skill level 12 in Summonings
 50254 | Swamp:4  | Got a decaying rune of Zot
 50664 | Snake:1  | Entered Level 1 of the Snake Pit
 50777 | Snake:1  | Found Wuab's General Store.
 50841 | Snake:1  | Learned a level 4 spell: Cause Fear
 51056 | Snake:1  | Reached skill level 12 in Spellcasting
 51088 | Snake:1  | Found Uxierygoff's Antique Weapon Boutique.
 51384 | Snake:1  | Reached XP level 16. HP: 128/130 MP: 22/32
 51721 | Snake:1  | Found Hocsuapung's Magic Scroll Shop.
 51754 | Snake:1  | Bought a scroll of blinking for 90 gold pieces
 51754 | Snake:1  | Bought a scroll of magic mapping for 42 gold pieces
 51855 | Snake:1  | Found Boumi's Antique Armour Shoppe.
 51863 | Snake:1  | Bought a runed buckler for 187 gold pieces
 51874 | Snake:1  | Bought a glowing helmet for 187 gold pieces
 51921 | Snake:1  | Reached skill level 13 in Summonings
 52887 | Snake:2  | Noticed Curus's ghost (adept MfGl)
 53036 | Snake:2  | You fall through a shaft!
 53151 | Snake:3  | Found an ornate altar of the Wu Jian Council.
 54121 | Snake:3  | Reached skill level 9 in Dodging
 54909 | Snake:3  | Got a translucent amber ring
 54910 | Snake:3  | Identified the ring "Jixzonla" {rPois Dex+6} (You took it off a salamander on level 3 of the Snake Pit)
 54952 | Snake:4  | Entered Level 4 of the Snake Pit
 54954 | Snake:4  | Found Qafagy Mopy's Antique Weapon Shoppe.
 55506 | Snake:4  | Found Goidd's General Store.
 55520 | Snake:4  | Found Zunus's Weapon Shop.
 55571 | Snake:4  | Found Ipeotir's Book Boutique.
 55585 | Snake:4  | Bought a book of Cantrips for 380 gold pieces
 55588 | Snake:4  | Learned a level 1 spell: Apportation
 55874 | Snake:4  | Reached skill level 1 in Translocations
 56458 | Snake:4  | Reached skill level 2 in Translocations
 56933 | Snake:4  | Reached skill level 14 in Summonings
 57780 | Snake:4  | Reached skill level 3 in Translocations
 58024 | Snake:4  | Reached XP level 17. HP: 138/138 MP: 21/33
 58649 | Snake:4  | Reached skill level 14 in Fighting
 58665 | Snake:4  | Got a serpentine rune of Zot
 59258 | D:14     | Upgraded the game from 0.22-a0-348-gd16d139 to 0.22-a0-351-g29664b4
 59306 | D:15     | Bought a jewelled scale mail for 324 gold pieces
 59306 | D:15     | Identified the cursed +0 scale mail of Love and Death {rC+ Int+6} (You bought it in a shop on level 15 of the Dungeon)
 59331 | Vaults:1 | Entered Level 1 of the Vaults
 59483 | Vaults:1 | Reached skill level 10 in Dodging
 59565 | Vaults:1 | Noticed a tentacled monstrosity
 59586 | Vaults:1 | Killed a tentacled monstrosity
 60894 | Vaults:1 | Reached skill level 15 in Summonings
 61239 | D:13     | Bought an ichor-stained scale mail for 261 gold pieces
 61239 | D:13     | Identified the +6 scale mail "Lot Imo" {rF+ Int+3} (You bought it in a shop on level 13 of the Dungeon)
 61306 | D:14     | Bought a +4 scale mail of magic resistance for 620 gold pieces
 62026 | Vaults:1 | Reached skill level 1 in Long Blades
 62033 | Vaults:1 | Reached skill level 11 in Dodging
 62971 | Vaults:2 | Reached skill level 15 in Fighting
 62982 | Vaults:2 | Reached skill level 2 in Long Blades
 63158 | Vaults:2 | Identified the +8 scimitar "Optups" {slice, -Tele rN++} (You found it on level 2 of the Vaults)
 63220 | Vaults:2 | Reached XP level 18. HP: 149/149 MP: 34/34
 63482 | Vaults:2 | Reached skill level 3 in Long Blades
 63908 | Vaults:2 | Reached skill level 8 in Armour
 64128 | Vaults:2 | Reached skill level 4 in Long Blades
 64435 | Vaults:2 | Found a staircase to the Crypt.
 65472 | Vaults:3 | Reached skill level 5 in Long Blades
 66360 | Vaults:3 | Got a pitted ruby amulet
 66361 | Vaults:3 | Identified the amulet "Koc Ylaad" {Spirit rPois MR++ Int+6} (You found it on level 3 of the Vaults)
 66611 | Vaults:3 | HP: 38/165 [vault warden/great sword (30)]
 67191 | Vaults:4 | Reached skill level 6 in Long Blades
 67655 | Vaults:4 | Learned a level 2 spell: Swiftness
 68308 | Vaults:4 | Reached skill level 12 in Dodging
 68309 | Vaults:4 | Reached skill level 9 in Armour
 68316 | Vaults:4 | Reached XP level 19. HP: 153/157 MP: 11/35
 68451 | Vaults:4 | Reached skill level 7 in Long Blades
 69131 | Vaults:4 | Reached skill level 16 in Fighting
 70326 | D:14     | Upgraded the game from 0.22-a0-351-g29664b4 to 0.22-a0-354-g30dfbe6
 70368 | Depths:1 | Entered Level 1 of the Depths
 70540 | Depths:1 | Reached skill level 8 in Long Blades
 70860 | Depths:1 | Found a gateway to a ziggurat.
 70861 | Depths:1 | Paralysed by a floating eye for 3 turns
 71033 | Depths:1 | Paralysed by a floating eye for 4 turns
 71223 | Depths:1 | Found Sudghos's Armour Emporium.
 71334 | Depths:1 | Found a one-way gate leading to the halls of Pandemonium.
 71579 | Depths:1 | Found a gateway to Hell.
 71839 | Depths:1 | Reached skill level 9 in Long Blades
 72116 | Depths:1 | Noticed a profane servitor
 72132 | Depths:1 | Killed a profane servitor
 72134 | Depths:1 | Found a basalt altar of Yredelemnul.
 73515 | Depths:2 | Reached skill level 10 in Armour
 73921 | Depths:2 | Found a corrupted altar of Lugonu.
 73922 | Depths:2 | Found a one-way gate to the infinite horrors of the Abyss.
 74171 | Depths:2 | Noticed Jorgrun
 74183 | Depths:2 | Killed Jorgrun
 74340 | Depths:2 | Reached XP level 20. HP: 166/166 MP: 35/36
 74376 | Depths:2 | Identified Edaogox's Disquisition on Confrontation
 74419 | Depths:2 | Identified Ittuet's Volume of Glacial Aid
 74433 | Depths:2 | Found a deep blue altar of Sif Muna.
 74575 | Depths:2 | Reached skill level 10 in Long Blades
 74782 | Depths:2 | Identified the Guide on Stones
 74802 | Depths:2 | Identified Cugibuf's Grimoire of Stones and Weightlessness
 74804 | Depths:2 | Identified Fial's Papyrus of Torrid Attacks
 75137 | Depths:2 | Upgraded the game from 0.22-a0-354-g30dfbe6 to 0.22-a0-362-g535178c
 75711 | Depths:3 | Found a runed door.
 75930 | Depths:3 | Found a transporter.
 75933 | Depths:3 | Found a viscous altar of Jiyva.
 76241 | Depths:3 | Reached skill level 13 in Dodging
 76986 | Depths:4 | Found a magical portal.
 77063 | WizLab   | Entered Cigotuvi's Fleshworks
 77286 | WizLab   | Paralysed by a floating eye for 4 turns
 77347 | WizLab   | Got a coiled tin ring
 77348 | WizLab   | Identified the ring "Jetecs" {Int+5 Stlth-} (You found it in a wizard's laboratory)
 77363 | WizLab   | Paralysed by a floating eye for 3 turns
 77373 | WizLab   | Paralysed by a floating eye for 3 turns
 77806 | WizLab   | Identified the Grimoire of Transmutation
 77808 | WizLab   | Identified Cigotuvi's Incunabulum of Transformation and Dark Magic
 77813 | WizLab   | Learned a level 2 spell: Passwall
 78263 | Depths:4 | Reached skill level 17 in Fighting
 78416 | Depths:4 | Reached skill level 1 in Earth Magic
 78442 | Depths:4 | Reached skill level 1 in Transmutations
 79478 | Depths:4 | Reached skill level 2 in Earth Magic
 79521 | Depths:4 | Reached skill level 2 in Transmutations
 79726 | Depths:4 | Reached skill level 3 in Earth Magic
 79735 | Depths:4 | Reached skill level 3 in Transmutations
 80009 | Depths:4 | Noticed a golden dragon
 80032 | Depths:4 | Killed a golden dragon
 80032 | Depths:4 | Reached skill level 11 in Armour
 80600 | Depths:5 | Entered Level 5 of the Depths
 80664 | Depths:5 | Reached XP level 21. HP: 174/174 MP: 17/37
 80779 | Depths:5 | Noticed Boris
 81057 | Depths:5 | Killed Boris
 81585 | Depths:5 | Noticed a golden dragon
 81612 | Depths:5 | Killed a golden dragon
 81612 | Depths:5 | Reached skill level 4 in Transmutations
 81612 | Depths:5 | Reached skill level 4 in Earth Magic
 81714 | Depths:5 | Reached skill level 13 in Spellcasting
 82153 | Depths:5 | Found a gate to the Realm of Zot.
 82219 | Depths:5 | Reached skill level 11 in Long Blades
 83956 | D:7      | Bought a runed double sword for 522 gold pieces
 84119 | Snake:1  | Bought a pitted chain mail for 237 gold pieces
 84119 | Snake:1  | Identified the +4 chain mail of the Ward {*Slow rF+ rN++ Stlth+} (You bought it in a shop on level 1 of the Snake Pit)
 84302 | D:12     | Bought a bloodstained chain mail for 370 gold pieces
 84302 | D:12     | Identified the cursed +1 chain mail of Dawn {rC+ MR+} (You bought it in a shop on level 12 of the Dungeon)
 84518 | Vaults:5 | Entered Level 5 of the Vaults
 84674 | Vaults:5 | Noticed an ancient lich
 84686 | Vaults:5 | Killed an ancient lich
 84865 | Vaults:5 | Identified a +1 pair of boots of running (You found it on level 5 of the Vaults)
 84878 | Vaults:5 | Got a silver rune of Zot
 85069 | Vaults:5 | Reached skill level 14 in Spellcasting
 85474 | Vaults:5 | Reached skill level 18 in Fighting
 85826 | Vaults:5 | Identified Daza's Guide on Lucky Envenoming
 85904 | Vaults:5 | Found the +2 robe of Vines {NoPotionHeal Regen+7}
 85962 | Vaults:5 | Identified the +0 scale mail "Piwne" {rPois Int+3} (You found it on level 5 of the Vaults)
 85978 | Vaults:5 | Identified the ring "Ulommoph" {Fire rElec rPois} (You took it off a deep elf death mage on level 5 of the Vaults)
 86171 | Vaults:5 | Reached XP level 22. HP: 184/184 MP: 36/40
 86180 | Vaults:5 | Noticed a golden dragon
 86193 | Vaults:5 | Killed a golden dragon
 87372 | Zot:1    | Entered Level 1 of the Realm of Zot
 87389 | Zot:1    | Noticed an orb of fire
 87452 | Zot:1    | Reached skill level 16 in Summonings
 87454 | Zot:1    | Reached skill level 12 in Armour
 87457 | Zot:1    | Identified the cursed +1 leather armour "Xackuruf" {rF+ Str+2} (You found it on level 1 of the Realm of Zot)
 87536 | Zot:1    | Killed an orb of fire
 87803 | Zot:1    | Reached skill level 5 in Shields
 87918 | Zot:1    | Noticed a golden dragon
 87925 | Zot:1    | Killed a golden dragon
 88752 | Zot:2    | Noticed a golden dragon
 88770 | Zot:2    | Killed a golden dragon
 88952 | Zot:2    | Reached skill level 6 in Shields
 89985 | Zot:4    | Noticed a golden dragon
 89985 | Zot:4    | Noticed a golden dragon
 90193 | Zot:3    | Noticed a Killer Klown
 90238 | Zot:3    | Noticed a golden dragon
 90259 | Zot:3    | Killed a golden dragon
 90259 | Zot:3    | Reached skill level 7 in Shields
 90499 | Zot:3    | Noticed an orb of fire
 90548 | Zot:3    | Killed a Killer Klown
 91081 | Zot:3    | Noticed an orb of fire
 91111 | Zot:3    | Killed an orb of fire
 91111 | Zot:3    | Reached skill level 8 in Shields
 91284 | Zot:3    | Noticed an orb of fire
 91303 | Zot:3    | Upgraded the game from 0.22-a0-362-g535178c to 0.22-a0-367-gb72a975
 91338 | Zot:3    | Reached skill level 7 in Hexes
 91787 | Zot:3    | HP: 46/201 [orb of fire/fireball (16)]
 92381 | Zot:4    | Killed a golden dragon
 92389 | Zot:4    | Killed a golden dragon
 92936 | Zot:4    | Reached skill level 19 in Fighting
 92972 | Zot:4    | Reached skill level 9 in Shields
 93447 | Zot:4    | Found a transporter.
 93558 | Zot:4    | Found a transporter.
 93582 | Zot:4    | Noticed a golden dragon
 93603 | Zot:4    | Killed a golden dragon
 94395 | Zot:5    | Entered Level 5 of the Realm of Zot
 94441 | Zot:5    | Noticed a golden dragon
 94448 | Zot:5    | Killed a golden dragon
 94448 | Zot:5    | Reached XP level 23. HP: 194/194 MP: 41/41
 95998 | Zot:5    | Reached skill level 10 in Shields
 96931 | Zot:5    | Noticed an orb of fire
 96967 | Zot:5    | Killed a Killer Klown
 96973 | Zot:5    | Killed an orb of fire
 97053 | Zot:5    | Reached skill level 6 in Evocations
 97056 | Zot:5    | Noticed a Killer Klown
 97106 | Zot:5    | Noticed an orb of fire
 97260 | Zot:5    | Killed a Killer Klown
 97276 | Zot:5    | Noticed an orb of fire
 97286 | Zot:5    | Killed an orb of fire
 97410 | Zot:5    | Noticed an orb of fire
 97414 | Zot:5    | Noticed an orb of fire
 97600 | Zot:5    | Noticed an ancient lich
 97944 | Zot:5    | Noticed an orb of fire
 98308 | Zot:5    | Killed an ancient lich
 98448 | Zot:5    | Got the Orb of Zot
 99083 | D:$      | Escaped with the Orb!

Vault maps used:
D:1:      elethiomel_arrival_quiet
D:2:      minmay_diamond_boxcup, nicolae_overflow_crystal_walls,
          kiku_gazebo_pond_becter, chequers_ecumenical_altar_twisty,
          serial_bayou_pond_b
D:3:      lemuel_coloured_pillars_altar, uniq_natasha
D:4:      nemelex_altar_shiori, minmay_temple_entry_trees, first_ration,
          uniq_sigmund
D:5:      yredelemnul_altar_generic
D:6:      uniq_duvessa
D:7:      serial_shops, shop
D:8:      grunt_temple_overflow_forces_of_nature, cheibrodos_ashenzari_chains,
          gammafunk_temple_overflow_statue, grunt_pizzeria,
          fedhas_altar_fruit_tree, uniq_prince_ribbit1
D:9:      marbit_many_paths, kennysheep_mini, makhleb_heckhound_becter,
          erik_lair_island, uniq_grum, uniq_erica
D:10:     kennysheep_blocky_hall, enter_bailey_2, uniq_sonja
D:11:     uniq_urug, uniq_psyche, uniq_snorg
D:12:     minmay_orc_entry_temple_small, kennysheep_cross_room
D:13:     serial_shops, shop, shop, nicolae_shop_overgrown_old_shop,
          lab_entry_generic
D:14:     david_vaults_1, minivault_4, feat_on_display
D:15:     hangedman_depths_entry_try_elsewhere_first, serial_shops,
          nicolae_shop_trees, spider_trap
Temple:   dpeg_three_leaves_temple
Lair:1:   basic_altar, serial_bayou_lagoon_b, lemuel_fruit_tree,
          grunt_megastairs_5, uniq_gastronok, uniq_harold, uniq_joseph
Lair:2:   swamp_mist, basic_altar, kennysheep_snail_temple
Lair:3:   grunt_megastairs_4
Lair:4:   minmay_snake_entry_guardpost_small, basic_altar, minmay_hedge_maze
Lair:5:   nicolae_lair_yak_garden, infiniplex_staircase_pool_2
Lair:6:   due_jungle_book, slime_dummy
Swamp:1:  serial_swamp_ruin, evilmike_swamp_ruin_rubble_2,
          evilmike_swamp_ruin_house_5, swamp_pool3, infiniplex_staircase_pool
Swamp:2:  evilmike_swamp_ruin_house_1, swamp_pool1, uniq_roxanne
Swamp:3:  hangedman_swamp_ruin_wall, swamp_pool4,
          nicolae_swamp_feature_on_the_river_bank
Swamp:4:  swamp_basic_johnstein, uniq_louise
Snake:1:  serial_shops, nicolae_shop_overgrown_old_shop,
          nicolae_shop_waterfront, shop, shop
Snake:2:  st_stairs_11
Snake:3:  cheibrodos_snake_lava_hold, basic_altar
Snake:4:  grunt_snake_rune_spirals, serial_shops, shop, shop_fountains, shop,
          shop_statue
Orc:2:    st_orc_ogre_mass, serial_shops, shop_statue, nicolae_orc_tapped_out
Vaults:1: v_misc_4, hangedman_vaults_river_flow, v_misc_26,
          nicolae_vaults_network_quinsquares, st_eye,
          nicolae_vaults_mini_display_case
Vaults:2: v_misc_22, vaults_dpeg_cross, vaults_dpeg_ring,
          minmay_crypt_entry_simple_sparse, v_misc_15, v_misc_24,
          nicolae_vaults_network_square, v_misc_9, hangedman_vaults_slither,
          nicolae_vaults_angled_halls, nicolae_vaults_shelves_hall
Vaults:3: vaults_mumra_hex, nicolae_vaults_sealed_display, v_alt_pattern_1,
          v_misc_33, nicolae_vaults_angled_halls,
          nicolae_vaults_diagonal_hallway_6, nicolae_vaults_hallways_thing,
          v_misc_28, ontoclasm_vaults_gateway, v_pattern_2
Vaults:4: v_alt_pattern_4, v_misc_30, v_rooms_6, vaults_dpeg_encased_lava,
          ontoclasm_vaults_claustrophobia, vaults_mumra_lcd, vaults_room_grid,
          nicolae_vaults_angled_halls, nicolae_vaults_asterisk
Depths:1: enter_ziggurat_d, serial_shops, nicolae_shop_crystal,
          minmay_misc_feat_x, hellmouth_1, pan_entry, hangedman_blasphemy
Depths:2: evilmike_library_of_no_secrets, abyss_entry_flame_altar,
          minmay_misc_feat_columns, hell_entry, infiniplex_staircase_zigzag_2,
          grunt_megastairs_2, uniq_jorgrun
Depths:3: gammafunk_jiyva_shrine, grunt_hell_entry_demonic_statue, pan_entry,
          hangedman_decor_clover_reticule, wad_hexagon
Depths:4: cell_vault, minmay_misc_feat_tower, lightli_enter_wizlab_magi_temple,
          nicolae_abyss_entry_one_way_or_another, hell_entry
Depths:5: grunt_zot_entry_alcove, hangedman_decor_slide_cut,
          hangedman_geh_valley, serial_sigils, serial_sigils_hangedman_leer,
          serial_sigils_hangedman_quiver, serial_sigils_hangedman_quiver,
          serial_sigils_hangedman_scratch, spider_trap, uniq_boris
Zot:1:    lemuel_draconian_sentries_small
Zot:2:    st_stairs_4, zot_minivault_6
Zot:3:    nzn_random_ring, lemuel_elevator
Zot:4:    gammafunk_sealed_arena, basic_loot_grate_trap
Zot:5:    st_stairs_5
Lab:      labyrinth_watery, labyrinth_skeletal_remains
Bailey:   bailey_axe_2, bailey
WizLab:   wizlab_cigotuvi

Skill      XL: |  1  2  3  4  5  6  7  8  9 10 11 12 13 14 15 16 17 18 19 20 21 22 23 |
---------------+----------------------------------------------------------------------+-----
Spellcasting   | 3 4 5 6 7 9 10 12 14 | 14.0
Fighting       | 1 2 3 4 6 7 9 11 12 13 15 16 17 18 19 | 19.4
Summonings     | 4 5 6 7 8 9 10 12 14 15 16 | 16.0
Air Magic      | 1 2 3 4 5 6 |  6.1
Ice Magic      | 3 5 6 |  6.0
Dodging        | 2 5 7 8 9 11 12 13 | 13.1
Evocations     | 1 5 6 |  6.4
Shields        | 4 9 10 | 10.7
Armour         | 4 6 7 9 10 11 12 | 12.0
Hexes          | 4 6 7 |  7.0
Translocations | 3 |  3.0
Long Blades    | 2 6 9 10 11 | 11.1
Earth Magic    | 3 4 |  4.0
Transmutations | 3 4 |  4.0
Stealth        | |  1.5

Action                   |  1- 3 |  4- 6 |  7- 9 | 10-12 | 13-15 | 16-18 | 19-21 | 22-24 || total
-------------------------+-------+-------+-------+-------+-------+-------+-------+-------++-------
Melee: Dagger            |    39 |     7 |   196 |   150 |   526 |       |       |       ||   918
       Unarmed           |     1 |       |       |       |       |       |       |       ||     1
       Whip              |    18 |    48 |    53 |   198 |    12 |       |       |       ||   329
       Scimitar          |       |       |       |     3 |    91 |       |       |       ||    94
       Double sword      |       |       |       |       |   433 |   845 |  1281 |   578 ||  3137
 Fire: Hunting sling     |       |       |   109 |   113 |   140 |       |       |       ||   362
       Blowgun           |       |       |       |    16 |     8 |       |       |       ||    24
Throw: Stone             |    44 |    40 |     4 |     1 |     3 |     7 |       |       ||    99
 Cast: Summon Small Mamm |    27 |     4 |     4 |     2 |     1 |     1 |       |       ||    39
       Call Imp          |    16 |    26 |    35 |    16 |    14 |     1 |       |       ||   108
       Call Canine Famil |       |    10 |    23 |    19 |    60 |    13 |     7 |     5 ||   137
       Summon Lightning  |       |       |    29 |   107 |   233 |   131 |   139 |    31 ||   670
       Summon Ice Beast  |       |       |    18 |   120 |   304 |    15 |     1 |       ||   458
       Aura of Abjuratio |       |       |       |       |     4 |     3 |     6 |     3 ||    16
       Summon Mana Viper |       |       |       |       |    15 |   173 |   115 |    63 ||   366
       Shadow Creatures  |       |       |       |       |     1 |    93 |   126 |    69 ||   289
       Apportation       |       |       |       |       |       |     1 |       |     1 ||     2
       Cause Fear        |       |       |       |       |       |       |     1 |       ||     1
Invok: Potion Petition   |       |       |       |     1 |     2 |     5 |     3 |     5 ||    16
       Call Merchant     |       |       |       |       |     2 |     1 |       |       ||     3
       Bribe Branch      |       |       |       |       |       |       |     1 |     4 ||     5
 Abil: Evoke Flight      |       |       |       |       |     1 |       |     1 |       ||     2
       Evoke Invisibilit |       |       |       |       |     1 |       |       |       ||     1
Evoke: Wand              |       |       |     1 |    24 |     9 |    26 |    22 |    25 ||   107
       Sack of spiders   |       |       |       |       |       |     1 |     1 |       ||     2
       Box of beasts     |       |       |       |       |       |     1 |       |       ||     1
       Phial of floods   |       |       |       |       |       |       |     1 |       ||     1
       Phantom mirror    |       |       |       |       |       |       |     1 |       ||     1
  Use: Scroll            |     5 |     4 |    12 |     8 |    21 |    11 |    16 |    18 ||    95
 Stab: Sleeping          |     1 |       |     3 |     1 |       |       |       |       ||     5
       Distracted        |       |     2 |     6 |    12 |    25 |    19 |    50 |     9 ||   123
       Invisible         |       |       |       |       |     1 |     3 |       |       ||     4
       Confused          |       |       |       |       |     1 |       |       |       ||     1
       Paralysed         |       |       |       |       |       |     4 |       |       ||     4
Armor: Robe              |    12 |    19 |    99 |   148 |    33 |       |       |       ||   311
       Ring mail         |       |       |       |       |   471 |   230 |       |       ||   701
       Scale mail        |       |       |       |       |       |   219 |   504 |   311 ||  1034
Dodge: Dodged            |    35 |    32 |   162 |   284 |   855 |   688 |   747 |   373 ||  3176
Block: Other             |     8 |    16 |    50 |    64 |       |       |       |       ||   138
       Reflection        |       |     1 |     3 |    10 |       |       |       |       ||    14
       Buckler           |       |       |       |    51 |   307 |   308 |   349 |    56 ||  1071
       Shield            |       |       |       |       |       |       |       |   283 ||   283
       Rpst.: Scimitar   |       |       |       |     1 |    16 |       |       |       ||    17
       Double sword      |       |       |       |       |    67 |   141 |   139 |    51 ||   398

Table legend:
 A = Spawn XP
 B = Non-spawn XP
 C = Spawn XP percentage of total XP
 D = Spawn monster count
 E = Non-spawn monster count
 F = Spawn count percentage of total count
 G = Total turns spent on level
                    A         B        C        D         E        F      G
               +---------+---------+-------+---------+---------+-------+---------
         Total |       0 |  888049 |   0.0 |       0 |    2168 |   0.0 | 99083
               +---------+---------+-------+---------+---------+-------+---------
           D:1 |       0 |      22 |   0.0 |       0 |      16 |   0.0 |  1206
           D:2 |       0 |      51 |   0.0 |       0 |      15 |   0.0 |  1072
           D:3 |       0 |     133 |   0.0 |       0 |      21 |   0.0 |  1733
           D:4 |       0 |     609 |   0.0 |       0 |      25 |   0.0 |  1896
           D:5 |       0 |     346 |   0.0 |       0 |      19 |   0.0 |  1140
           D:6 |       0 |     324 |   0.0 |       0 |      16 |   0.0 |  1330
           D:7 |       0 |     502 |   0.0 |       0 |      18 |   0.0 |  1482
           D:8 |       0 |    3635 |   0.0 |       0 |      61 |   0.0 |  4932
           D:9 |       0 |    1047 |   0.0 |       0 |      23 |   0.0 |  1162
          D:10 |       0 |    1283 |   0.0 |       0 |      11 |   0.0 |   859
          D:11 |       0 |    6184 |   0.0 |       0 |      49 |   0.0 |  2643
          D:12 |       0 |    4834 |   0.0 |       0 |      46 |   0.0 |  1071
          D:13 |       0 |    7954 |   0.0 |       0 |      36 |   0.0 |  1597
          D:14 |       0 |   10928 |   0.0 |       0 |      37 |   0.0 |  2609
          D:15 |       0 |    9401 |   0.0 |       0 |      46 |   0.0 |  1528
        Lair:1 |       0 |    4679 |   0.0 |       0 |      19 |   0.0 |  1790
        Lair:2 |       0 |    3043 |   0.0 |       0 |      19 |   0.0 |  1712
        Lair:3 |       0 |    3661 |   0.0 |       0 |      31 |   0.0 |  2166
        Lair:4 |       0 |    3446 |   0.0 |       0 |      41 |   0.0 |  1445
        Lair:5 |       0 |    7018 |   0.0 |       0 |      29 |   0.0 |  3049
        Lair:6 |       0 |   17262 |   0.0 |       0 |      62 |   0.0 |  5467
       Swamp:1 |       0 |    8860 |   0.0 |       0 |      42 |   0.0 |  1642
       Swamp:2 |       0 |    5344 |   0.0 |       0 |      23 |   0.0 |   833
       Swamp:3 |       0 |    4466 |   0.0 |       0 |      15 |   0.0 |  1060
       Swamp:4 |       0 |   25299 |   0.0 |       0 |      66 |   0.0 |  2538
       Snake:1 |       0 |   12761 |   0.0 |       0 |      31 |   0.0 |  1835
       Snake:2 |       0 |    4533 |   0.0 |       0 |      14 |   0.0 |  1165
       Snake:3 |       0 |   12674 |   0.0 |       0 |      34 |   0.0 |  1503
       Snake:4 |       0 |   45925 |   0.0 |       0 |     113 |   0.0 |  4007
         Orc:1 |       0 |     733 |   0.0 |       0 |      16 |   0.0 |   764
         Orc:2 |       0 |   15621 |   0.0 |       0 |      95 |   0.0 |  2547
      Vaults:1 |       0 |   59812 |   0.0 |       0 |     135 |   0.0 |  3578
      Vaults:2 |       0 |   35481 |   0.0 |       0 |      75 |   0.0 |  1784
      Vaults:3 |       0 |   31456 |   0.0 |       0 |      73 |   0.0 |  2469
      Vaults:4 |       0 |   54102 |   0.0 |       0 |     102 |   0.0 |  3110
      Vaults:5 |       0 |   79679 |   0.0 |       0 |      97 |   0.0 |  2605
      Depths:1 |       0 |   41737 |   0.0 |       0 |      91 |   0.0 |  2457
      Depths:2 |       0 |   42747 |   0.0 |       0 |      75 |   0.0 |  2534
      Depths:3 |       0 |   17822 |   0.0 |       0 |      42 |   0.0 |  1699
      Depths:4 |       0 |   64226 |   0.0 |       0 |      90 |   0.0 |  3195
      Depths:5 |       0 |   47517 |   0.0 |       0 |      63 |   0.0 |  2734
         Zot:1 |       0 |   23558 |   0.0 |       0 |      25 |   0.0 |  1227
         Zot:2 |       0 |   27127 |   0.0 |       0 |      27 |   0.0 |  1739
         Zot:3 |       0 |   42338 |   0.0 |       0 |      44 |   0.0 |  2667
         Zot:4 |       0 |   33987 |   0.0 |       0 |      26 |   0.0 |  1606
         Zot:5 |       0 |   45128 |   0.0 |       0 |      32 |   0.0 |  3991
           Lab |       0 |     612 |   0.0 |       0 |       1 |   0.0 |   368
        Bailey |       0 |     201 |   0.0 |       0 |      34 |   0.0 |   464
        WizLab |       0 |   17941 |   0.0 |       0 |      47 |   0.0 |  1055
               +---------+---------+-------+---------+---------+-------+---------

Vault maps used:
D:1:      elethiomel_arrival_quiet
D:2:      minmay_diamond_boxcup, nicolae_overflow_crystal_walls,
          kiku_gazebo_pond_becter, chequers_ecumenical_altar_twisty,
          serial_bayou_pond_b
D:3:      lemuel_coloured_pillars_altar, uniq_natasha
D:4:      nemelex_altar_shiori, minmay_temple_entry_trees, first_ration,
          uniq_sigmund
D:5:      yredelemnul_altar_generic
D:6:      uniq_duvessa
D:7:      serial_shops, shop
D:8:      grunt_temple_overflow_forces_of_nature, cheibrodos_ashenzari_chains,
          gammafunk_temple_overflow_statue, grunt_pizzeria,
          fedhas_altar_fruit_tree, uniq_prince_ribbit1
D:9:      marbit_many_paths, kennysheep_mini, makhleb_heckhound_becter,
          erik_lair_island, uniq_grum, uniq_erica
D:10:     kennysheep_blocky_hall, enter_bailey_2, uniq_sonja
D:11:     uniq_urug, uniq_psyche, uniq_snorg
D:12:     minmay_orc_entry_temple_small, kennysheep_cross_room
D:13:     serial_shops, shop, shop, nicolae_shop_overgrown_old_shop,
          lab_entry_generic
D:14:     david_vaults_1, minivault_4, feat_on_display
D:15:     hangedman_depths_entry_try_elsewhere_first, serial_shops,
          nicolae_shop_trees, spider_trap
Temple:   dpeg_three_leaves_temple
Lair:1:   basic_altar, serial_bayou_lagoon_b, lemuel_fruit_tree,
          grunt_megastairs_5, uniq_gastronok, uniq_harold, uniq_joseph
Lair:2:   swamp_mist, basic_altar, kennysheep_snail_temple
Lair:3:   grunt_megastairs_4
Lair:4:   minmay_snake_entry_guardpost_small, basic_altar, minmay_hedge_maze
Lair:5:   nicolae_lair_yak_garden, infiniplex_staircase_pool_2
Lair:6:   due_jungle_book, slime_dummy
Swamp:1:  serial_swamp_ruin, evilmike_swamp_ruin_rubble_2,
          evilmike_swamp_ruin_house_5, swamp_pool3, infiniplex_staircase_pool
Swamp:2:  evilmike_swamp_ruin_house_1, swamp_pool1, uniq_roxanne
Swamp:3:  hangedman_swamp_ruin_wall, swamp_pool4,
          nicolae_swamp_feature_on_the_river_bank
Swamp:4:  swamp_basic_johnstein, uniq_louise
Snake:1:  serial_shops, nicolae_shop_overgrown_old_shop,
          nicolae_shop_waterfront, shop, shop
Snake:2:  st_stairs_11
Snake:3:  cheibrodos_snake_lava_hold, basic_altar
Snake:4:  grunt_snake_rune_spirals, serial_shops, shop, shop_fountains, shop,
          shop_statue
Orc:2:    st_orc_ogre_mass, serial_shops, shop_statue, nicolae_orc_tapped_out
Vaults:1: v_misc_4, hangedman_vaults_river_flow, v_misc_26,
          nicolae_vaults_network_quinsquares, st_eye,
          nicolae_vaults_mini_display_case
Vaults:2: v_misc_22, vaults_dpeg_cross, vaults_dpeg_ring,
          minmay_crypt_entry_simple_sparse, v_misc_15, v_misc_24,
          nicolae_vaults_network_square, v_misc_9, hangedman_vaults_slither,
          nicolae_vaults_angled_halls, nicolae_vaults_shelves_hall
Vaults:3: vaults_mumra_hex, nicolae_vaults_sealed_display, v_alt_pattern_1,
          v_misc_33, nicolae_vaults_angled_halls,
          nicolae_vaults_diagonal_hallway_6, nicolae_vaults_hallways_thing,
          v_misc_28, ontoclasm_vaults_gateway, v_pattern_2
Vaults:4: v_alt_pattern_4, v_misc_30, v_rooms_6, vaults_dpeg_encased_lava,
          ontoclasm_vaults_claustrophobia, vaults_mumra_lcd, vaults_room_grid,
          nicolae_vaults_angled_halls, nicolae_vaults_asterisk
Depths:1: enter_ziggurat_d, serial_shops, nicolae_shop_crystal,
          minmay_misc_feat_x, hellmouth_1, pan_entry, hangedman_blasphemy
Depths:2: evilmike_library_of_no_secrets, abyss_entry_flame_altar,
          minmay_misc_feat_columns, hell_entry, infiniplex_staircase_zigzag_2,
          grunt_megastairs_2, uniq_jorgrun
Depths:3: gammafunk_jiyva_shrine, grunt_hell_entry_demonic_statue, pan_entry,
          hangedman_decor_clover_reticule, wad_hexagon
Depths:4: cell_vault, minmay_misc_feat_tower, lightli_enter_wizlab_magi_temple,
          nicolae_abyss_entry_one_way_or_another, hell_entry
Depths:5: grunt_zot_entry_alcove, hangedman_decor_slide_cut,
          hangedman_geh_valley, serial_sigils, serial_sigils_hangedman_leer,
          serial_sigils_hangedman_quiver, serial_sigils_hangedman_quiver,
          serial_sigils_hangedman_scratch, spider_trap, uniq_boris
Zot:1:    lemuel_draconian_sentries_small
Zot:2:    st_stairs_4, zot_minivault_6
Zot:3:    nzn_random_ring, lemuel_elevator
Zot:4:    gammafunk_sealed_arena, basic_loot_grate_trap
Zot:5:    st_stairs_5
Lab:      labyrinth_watery, labyrinth_skeletal_remains
Bailey:   bailey_axe_2, bailey
WizLab:   wizlab_cigotuvi

Table legend:
 A = Turns spent in this place as a percentage of turns spent in the entire game.
 B = Non-inter-level travel turns spent in this place as a percentage of non-inter-level travel turns spent in the entire game.
 C = Inter-level travel turns spent in this place as a percentage of turns spent in this place.
 D = Turns resting spent in this place as a percentage of non-inter-level travel turns spent in this place.
 E = Turns spent auto-exploring this place as a percentage of non-inter-level travel turns spent in this place.
 F = Non-inter-level travel turns spent in this place divided by the number of levels of this place that you've seen.
                   A       B       C       D       E      F
               +-------+-------+-------+-------+-------+----------------------
         Total | 100.0 | 100.0 |   6.5 |  32.5 |  22.3 | 1852.3
       Dungeon |  26.5 |  24.9 |  12.2 |  35.7 |  23.8 | 1537.6
        Temple |   0.0 |   0.0 |   0.0 |   0.0 |   0.0 |  18.0
          Lair |  15.8 |  15.9 |   5.9 |  43.8 |  22.3 | 2451.7
         Swamp |   6.1 |   6.4 |   3.0 |  31.4 |  20.6 | 1472.2
     Snake Pit |   8.6 |   8.6 |   6.1 |  32.0 |  17.8 | 1997.5
  Orcish Mines |   3.3 |   3.5 |   3.4 |  40.0 |  23.8 | 1599.5
        Vaults |  13.7 |  13.9 |   4.6 |  27.2 |  21.8 | 2583.4
        Depths |  12.7 |  12.9 |   5.0 |  22.4 |  23.8 | 2397.2
           Zot |  11.3 |  11.8 |   2.4 |  27.9 |  25.3 | 2191.0
     Labyrinth |   0.4 |   0.4 |   0.0 |  31.8 |   0.0 | 368.0
        Bailey |   0.5 |   0.5 |   0.0 |  15.9 |   3.2 | 464.0
        Wizlab |   1.1 |   1.1 |   0.0 |  27.1 |   0.0 | 1055.0
               +-------+-------+-------+-------+-------+----------------------

Table legend:
 A = Kills in this place as a percentage of kills in entire the game.
 B = Kills by you in this place as a percentage of kills by you in the entire game.
 C = Kills by friends in this place as a percentage of kills by friends in the entire game.
 D = Other kills in this place as a percentage of other kills in the entire game.
 E = Experience gained in this place as a percentage of experience gained in the entire game.
 F = Experience gained in this place divided by the number of levels of this place that you have seen.
                   A       B       C       D       E      F
               +-------+-------+-------+-------+-------+----------------------
         Total | 100.0 | 100.0 | 100.0 | 100.0 | 100.0 | 17904.3
       Dungeon |  20.3 |  23.2 |  18.4 |   4.5 |   5.8 | 3455.5
          Lair |   9.2 |   6.9 |  11.2 |   0.0 |   4.4 | 6518.2
         Swamp |   6.7 |   7.5 |   6.2 |   4.5 |   4.9 | 10992.2
     Snake Pit |   8.8 |   8.4 |   9.2 |   4.5 |   8.5 | 18973.2
  Orcish Mines |   5.1 |   5.2 |   5.1 |   0.0 |   1.8 | 8177.0
        Vaults |  22.2 |  19.1 |  24.1 |  40.9 |  29.1 | 52106.0
        Depths |  16.7 |  20.6 |  13.7 |  13.6 |  24.1 | 43162.4
           Zot |   7.2 |   5.7 |   7.9 |  27.3 |  19.3 | 34592.6
     Labyrinth |   0.0 |   0.0 |   0.1 |   0.0 |   0.1 | 612.0
        Bailey |   1.6 |   0.6 |   2.2 |   4.5 |   0.0 | 201.0
        Wizlab |   2.2 |   2.6 |   1.9 |   0.0 |   2.0 | 17941.0
               +-------+-------+-------+-------+-------+----------------------
